 Dungeon Crawl Stone Soup version 0.22.1-1-ga44c0e56f4 (webtiles) character file.

57 Ivernyr the Magician (level 4, 36/36 HPs)
             Began as a Naga Wizard on Oct 19, 2018.
             Quit the game on level 3 of the Dungeon.
             The game lasted 00:11:38 (2056 turns).

Ivernyr the Magician (Naga Wizard)                  Turns: 2056, Time: 00:11:38

Health: 36/36      AC:  3    Str: 10    XL:     4   Next: 0%
Magic:  6/9        EV: 10    Int: 19    God:
Gold:   135        SH:  0    Dex:  9    Spells: 1/10 levels left

rFire    . . .     SeeInvis +   m - +0 spear
rCold    + . .     Gourm    .   (no shield)
rNeg     . . .     Faith    .   a - +0 robe
rPois    +         Spirit   .   b - +0 hat
rElec    .         Reflect  .   (no cloak)
rCorr    .         Harm     .   o - +0 pair of gloves
MR       .....     Rnd*Tele +   (no barding)
Stlth    ++........             (no amulet)
HPRegen  0.12/turn              f - ring of protection from cold
MPRegen  0.11/turn              t - ring of teleportation (curse)

@: very slow
A: large, see invisible, deformed body, poison resistance, slowness 2, slow
metabolism 1, spit poison 1, AC +1
a: Spit Poison


You were on level 3 of the Dungeon.
You were not hungry.

You visited 1 branch of the dungeon, and saw 3 of its levels.

You collected 135 gold pieces.

Inventory:

Hand Weapons
 m - a +0 spear (weapon)
Armour
 a - a +0 robe (worn)
 b - a +0 hat (worn)
 o - a +0 pair of gloves (worn)
Jewellery
 f - a ring of protection from cold (left hand)
 t - a cursed ring of teleportation (right hand)
Scrolls
 e - a scroll of teleportation {unknown}
 i - a scroll of enchant armour {unknown}
 k - a scroll of noise {unknown}
 p - 3 scrolls of magic mapping {unknown}
 q - 2 scrolls of identify {unknown}
 s - a scroll of blinking {unknown}
Potions
 c - a potion of brilliance {unknown}
 g - 2 potions of agility {unknown}
 h - a potion of invisibility {unknown}
 j - a potion of flight {unknown}
 l - a potion of haste {unknown}
 n - a potion of magic {unknown}
 r - a potion of curing {unknown}
Comestibles
 d - 6 rations


   Skills:
 - Level 1.5 Dodging
 - Level 3.0 Stealth
 + Level 3.8 Spellcasting
 + Level 2.6 Conjurations
   Level 1.0 Summonings
 - Level 1.0 Translocations


You had one spell level left.
You knew the following spells:

 Your Spells              Type           Power        Failure   Level  Hunger
a - Magic Dart            Conj           ##..         4%          1    None
b - Blink                 Tloc           N/A          14%         2    ##.....
c - Conjure Flame         Conj/Fire      #.......     24%         3    ###....
d - Mephitic Cloud        Conj/Pois/Air  #.......     28%         3    ###....

Your spell library contained the following spells:

 Spells                   Type           Power        Failure   Level  Hunger
 Call Imp                 Summ           #.......     14%         2    ##.....
 Slow                     Hex            #.......     22%         2    ##.....


Dungeon Overview and Level Annotations

Branches:
Dungeon (3/15)

Altars:
The Shining One


Innate Abilities, Weirdness & Mutations

You cannot wear boots.
Your serpentine skin is tough. (AC +1)
You have supernaturally acute eyesight. (SInv)
Armour fits poorly on your strangely shaped body.
Your system is resistant to poisons. (rPois)
You cover ground very slowly.
You have a slow metabolism.
You can spit poison.


Message History

You open the door.
A leopard gecko, a ball python and a dart slug come into view.
Casting: Magic Dart (safe; 4% risk of failure)
Confirm with . or Enter, or press ? or * to list all spells.
Aiming: Magic Dart (safe; 4% risk of failure)
Press: ? - help, Shift-Dir - straight line, f - leopard gecko
Aim: a leopard gecko (clinging)
The magic dart hits the leopard gecko.
You kill the leopard gecko!
The ball python hisses angrily.
Casting: Magic Dart (safe; 4% risk of failure)
Confirm with . or Enter, or press ? or * to list all spells.
Aiming: Magic Dart (safe; 4% risk of failure)
Press: ? - help, Shift-Dir - straight line, f - ball python
Aim: a ball python The magic dart hits the ball python.
You kill the ball python!
You have reached level 4!
You feel stronger.
Are you sure you want to abandon this character and quit the game? (Confirm

#...#.# #.# ##..#.#
#.# #.##.# #.# #....#
#.# ###### #.#
##############.######.
.............<........
.#####.####.#.######..
.# #....#.#...@.#
.#####.##.#.#####†#
......###...# ...
......# ##### w...#
......# ...## ......#
...# ......# ...#
......# #### ...†..#


You could see a dart slug.

Vanquished Creatures
  An adder (D:2)
  An adder zombie (D:2)
  4 dart slugs
  2 leopard geckos
  5 ball pythons
  4 bats
  4 goblins
  A quokka (D:2)
  4 frilled lizards
  3 kobolds
  9 rats
38 creatures vanquished.

Notes
Turn   | Place    | Note
-------+----------+-------------------------------------------
     0 | D:1      | Ivernyr the Naga Wizard began the quest for the Orb.
     0 | D:1      | Reached XP level 1. HP: 15/15 MP: 4/4
   151 | D:1      | Reached XP level 2. HP: 16/22 MP: 0/6
   194 | D:1      | Learned a level 2 spell: Blink
  1275 | D:2      | Found a glowing golden altar of the Shining One.
  1308 | D:2      | Reached XP level 3. HP: 28/28 MP: 5/7
  1614 | D:2      | Learned a level 3 spell: Conjure Flame
  1618 | D:2      | Learned a level 3 spell: Mephitic Cloud
  2055 | D:3      | Reached XP level 4. HP: 36/36 MP: 6/9
  2056 | D:3      | Quit the game

Skill      XL: |  1  2 |
---------------+-------+-----
Conjurations   | 2 |  2.6
Dodging        | |  1.5
Stealth        | |  3.0
Spellcasting   | |  3.8
Summonings     | |  1.0
Translocations | |  1.0

Action                   |  1- 3 |  4- 6 || total
-------------------------+-------+-------++-------
Melee: Unarmed           |    19 |       ||    19
       Spear             |     1 |       ||     1
 Cast: Magic Dart        |    72 |     1 ||    73
 Abil: Spit Poison       |     4 |       ||     4
  Eat: Chunk             |     2 |       ||     2
Armor: Robe              |     4 |       ||     4
Dodge: Dodged            |    17 |       ||    17
